 Dungeon Crawl Stone Soup version 0.22.1-6-g1668fe2 (webtiles) character file.

6385 teukkam the Blocker (level 10, -13/90 HPs)
             Began as a Minotaur Fighter on Jan 30, 2019.
             Was an Elder of Wu Jian.
             Mangled by an ogre
             ... wielding a +0 giant spiked club
              (15 damage)
             ... on level 10 of the Dungeon on Jan 31, 2019.
             The game lasted 00:38:47 (8524 turns).

teukkam the Blocker (Minotaur Fighter)              Turns: 8524, Time: 00:38:47

Health: -13/90     AC: 15    Str: 23    XL:     10   Next: 66%
Magic:  0/9        EV: 11    Int:  8    God:    Wu Jian [****..]
Gold:   530        SH:  0    Dex: 11    Spells: 9/9 levels left

rFire    . . .     SeeInvis .   a - +3 quarterstaff (chaos)
rCold    . . .     Gourm    .   (shield currently unavailable)
rNeg     . . .     Faith    .   X - +3 leather armour of the Kettle-Drum {Int+3 Slay+2}
rPois    .         Spirit   +   (helmet restricted)
rElec    .         Reflect  .   J - +0 cloak
rCorr    .         Harm     .   O - +0 pair of gloves
MR       +....                  D - +1 pair of boots
Stlth    +.........             U - amulet of guardian spirit (curse)
HPRegen  0.25/turn              v - ring of protection from magic
MPRegen  0.11/turn              P - +3 ring of protection

@: about to teleport
A: retaliatory headbutt, horns 2
a: Wall Jump, Serpent's Lash, Renounce Religion


You were on level 10 of the Dungeon.
You worshipped Wu Jian.
Wu Jian was greatly pleased with you.
You were not hungry.

You visited 1 branch of the dungeon, and saw 10 of its levels.

You collected 530 gold pieces.

Inventory:

Hand Weapons
 a - a +3 quarterstaff of chaos (weapon)
 b - a +0 hunting sling
 k - a +0 war axe
 p - a +0 short sword of draining
 s - a +2 short sword of speed
 y - a +1 short sword of holy wrath
Missiles
 h - 362 stones
 i - 43 sling bullets
 m - 177 arrows
 r - 81 bolts
 B - 15 poisoned needles
 K - 4 javelins (quivered)
 Z - 3 tomahawks
Armour
 c - a +0 shield
 D - a +1 pair of boots (worn)
 J - a +0 cloak (worn)
 O - a +0 pair of gloves (worn)
 T - the +6 scale mail "Forget-Me-Not" {rF+}
   (You found it on level 8 of the Dungeon)

   It protects you from fire.
 X - the +3 leather armour of the Kettle-Drum (worn) {Int+3 Slay+2}
   (You found it on level 9 of the Dungeon)

   It affects your intelligence (+3).
   It affects your accuracy and damage with ranged weapons and melee attacks
   (+2).
Magical Staves
 w - an uncursed staff of summoning
Jewellery
 v - a ring of protection from magic (left hand)
 E - an uncursed ring of see invisible
 G - an uncursed ring of fire
 N - an uncursed ring of fire
 P - a +3 ring of protection (right hand)
 U - a cursed amulet of guardian spirit (around neck)
Wands
 j - a wand of polymorph (14)
 S - a wand of random effects (28)
 V - a wand of iceblast (3)
Scrolls
 g - 2 scrolls of enchant armour
 n - 6 scrolls of identify
 o - 2 scrolls of fog
 x - 3 scrolls of magic mapping
 C - 2 scrolls of immolation
 F - 2 scrolls of teleportation
 H - 4 scrolls of fear {unknown}
 I - 3 scrolls of remove curse
 L - 2 scrolls of blinking {unknown}
 M - a scroll of summoning {unknown}
 Q - a scroll of amnesia
 R - 2 scrolls of enchant weapon {unknown}
Potions
 d - 4 potions of might
 e - 5 potions of brilliance
 l - 3 potions of ambrosia
 q - a potion of degeneration {unknown}
 t - a potion of agility {unknown}
 z - 5 potions of curing
 A - a potion of flight
 Y - a potion of haste
Comestibles
 f - 14 rations
 W - 4 chunks of flesh


   Skills:
 + Level 8.9 Fighting
 + Level 7.4 Short Blades
 - Level 2.7 Axes
 + Level 7.3 Staves
 + Level 6.8 Slings
 + Level 8.9 Armour
 + Level 9.0 Shields


You had 9 spell levels left.
You didn't know any spells.
Your spell library contained the following spells:

 Spells                   Type           Power        Failure   Level  Hunger
 Animate Skeleton         Necr           N/A          43%         1    ##.....
 Apportation              Tloc           #.....       43%         1    ##.....
 Confusing Touch          Hex            #.....       43%         1    ##.....
 Summon Small Mammal      Summ           #...         43%         1    ##.....
 Call Imp                 Summ           #.......     58%         2    ###....
 Call Canine Familiar     Summ           #.......     82%         3    ####...
 Summon Guardian Golem    Hex/Summ       #.......     82%         3    ####...
 Summon Ice Beast         Ice/Summ       #.......     99%         4    #####..
 Summon Lightning Spire   Summ/Air       #.......     99%         4    #####..


Dungeon Overview and Level Annotations

Branches:
Dungeon (10/15)            Temple (0/1) D:6            Lair (0/6) D:10
    Orc: D:9-12

Altars:
Cheibriados
Elyvilon
Gozag
Hepliaklqana
Makhleb
Qazlal
Sif Muna
Uskayaw
Vehumet
Wu Jian
Xom
Zin
The Shining One

Annotations:
D:5 exclusion: statue
D:10 Grum


Innate Abilities, Weirdness & Mutations

You reflexively headbutt those who attack you in melee.
You have a pair of horns on your head.


Message History

As you read the scroll labeled TEJUYCL GALOPO, it crumbles to dust.
The creatures around you are filled with an inner flame!
It was a scroll of immolation.
Something barely misses you. The wolf bites you but does no damage.
The ogre hits you with a giant spiked club!!
* * * LOW HITPOINT WARNING * * *
Grum hits you from afar with a spear!
* * * LOW HITPOINT WARNING * * *
Something bites you but does no damage. The wolf closely misses you.
Okay, then.
Okay, then.
As you read the scroll labeled CYUGI ZUGULIU, it crumbles to dust.
You feel strangely unstable.
It was a scroll of teleportation.
The orc priest seems less confused.
Something bites you.
* * * LOW HITPOINT WARNING * * *
The wolf bites you.
* * * LOW HITPOINT WARNING * * *
Grum barely misses you. Something bites you but does no damage.
The ogre hits you with a giant spiked club!
You die...

##################
#................#
#.#####..........#
#.# #..........#
#.# #..........#
#.# #..........#
#.# #..........#
#.# #.9........#
#.# #.h@o......#
#.# #.{Oo......#
#.# #.g))......#
#.# #..........#
#.# #...o.(....#
#.# #........>.#
#.# #..........#
#.# #..<....(..#
#.# #.........(#


You could see Grum (inner flame), a gargoyle (inner flame), an ogre (inner
flame), a wolf (inner flame), 2 orc priests and an orc (inner flame).

Vanquished Creatures
  An unseen horror (D:9)
  Pikel (D:5)
  A troll (D:10)
  Grinder (D:4)
  A meliai zombie (D:6)
  2 humans (D:9)
  A wyvern (D:10)
  5 hogs (D:9)
  Menkaure (D:4)
  A hungry ghost (D:7)
  A water moccasin (D:8)
  Duvessa (D:4)
  An orc warrior (D:9)
  3 slaves (D:5)
  An ice beast (D:6)
  2 sky beasts
  A necrophage (D:8)
  A wolf (D:10)
  4 ogres
  A centaur (D:5)
  3 bullfrogs
  A wyvern zombie (D:8)
  Dowan (D:4)
  3 scorpions
  A water moccasin skeleton (D:9)
  3 howler monkeys
  5 crimson imps
  A bullfrog zombie (D:5)
  A centaur zombie (D:7)
  6 hounds
  3 orc priests (D:9)
  5 orc wizards
  3 bullfrog skeletons
  3 iguanas
  Crazy Yiuf (D:2)
  3 centaur skeletons
  Natasha (thrice) (D:4 D:6)
  10 worker ants
  A hound zombie (D:5)
  A hound skeleton (D:6)
  A mummy (D:8)
  Robin (D:3)
  7 gnolls (D:2)
  2 howler monkey skeletons
  12 adders
  3 shadow imps
  An ooze (D:1)
  2 adder skeletons
  4 worms
  2 dart slugs
  4 leopard geckos
  15 orcs
  3 ball pythons
  5 giant cockroaches
  14 goblins
  10 hobgoblins
  8 jackals
  4 quokkas
  14 bats
  11 frilled lizards
  9 kobolds
  A leopard gecko skeleton (D:4)
  12 rats
234 creatures vanquished.

Vanquished Creatures (others)
  An ice beast (D:6)
1 creature vanquished.

Grand Total: 235 creatures vanquished

Notes
Turn   | Place    | Note
-------+----------+-------------------------------------------
     0 | D:1      | teukkam the Minotaur Fighter began the quest for the Orb.
     0 | D:1      | Reached XP level 1. HP: 19/19 MP: 0/0
   113 | D:1      | Reached XP level 2. HP: 24/27 MP: 1/1
   255 | D:2      | Reached skill level 4 in Shields
   292 | D:3      | Noticed Robin
   307 | D:3      | Reached XP level 3. HP: 25/33 MP: 2/2
   318 | D:3      | Reached skill level 1 in Short Blades
   341 | D:3      | Killed Robin
   679 | D:3      | Reached XP level 4. HP: 38/40 MP: 3/3
   706 | D:3      | Found an ornate altar of the Wu Jian Council.
   713 | D:3      | Became a worshipper of the Wu Jian Council
  1635 | D:2      | Reached * piety under Wu Jian
  1655 | D:2      | Reached XP level 5. HP: 41/47 MP: 4/4
  1759 | D:2      | Reached skill level 1 in Slings
  2192 | D:2      | Found a runed door.
  2197 | D:2      | Noticed Crazy Yiuf
  2201 | D:2      | Killed Crazy Yiuf
  2550 | D:3      | Found a stormy altar of Qazlal.
  2561 | D:3      | Found an opulent altar of Gozag.
  2561 | D:3      | Found a glowing golden altar of the Shining One.
  2758 | D:3      | Reached ** piety under Wu Jian
  2765 | D:3      | Reached skill level 5 in Shields
  2910 | D:3      | Reached XP level 6. HP: 55/55 MP: 5/5
  3073 | D:4      | Reached skill level 5 in Armour
  3085 | D:4      | Reached skill level 1 in Staves
  3104 | D:4      | Noticed Grinder
  3107 | D:4      | Noticed Natasha
  3116 | D:4      | Killed Natasha
  3116 | D:4      | Reached skill level 5 in Fighting
  3120 | D:4      | Killed Grinder
  3120 | D:4      | Reached XP level 7. HP: 34/61 MP: 6/6
  3380 | D:4      | Noticed Duvessa
  3383 | D:4      | Noticed Dowan
  3401 | D:4      | Killed Duvessa
  3420 | D:4      | Killed Dowan
  3576 | D:4      | Noticed Menkaure
  3585 | D:4      | Killed Menkaure
  3585 | D:4      | Reached skill level 6 in Shields
  3605 | D:4      | Reached XP level 8. HP: 31/70 MP: 7/7
  3849 | D:5      | Entered Level 5 of the Dungeon
  3879 | D:5      | Found a radiant altar of Vehumet.
  3933 | D:5      | Found a glowing silver altar of Zin.
  4069 | D:5      | Noticed Pikel
  4081 | D:5      | Killed Pikel
  4081 | D:5      | Reached skill level 5 in Short Blades
  4455 | D:5      | Found a hide-covered altar of Uskayaw.
  4455 | D:5      | Noticed a dagger
  4455 | D:5      | Noticed a dagger
  4498 | D:5      | Reached *** piety under Wu Jian
  4516 | D:5      | Found a deep blue altar of Sif Muna.
  4978 | D:6      | Reached skill level 7 in Shields
  4978 | D:6      | Reached XP level 9. HP: 76/78 MP: 8/8
  4992 | D:6      | Noticed Natasha
  4996 | D:6      | Killed Natasha
  5009 | D:6      | Noticed Natasha
  5015 | D:6      | Killed Natasha
  5039 | D:6      | Reached skill level 5 in Staves
  5069 | D:6      | Reached skill level 5 in Slings
  5273 | D:6      | Found a shimmering altar of Xom.
  5439 | D:6      | Found a hazy altar of Hepliaklqana.
  5467 | D:6      | Found a burning altar of Makhleb.
  5467 | D:6      | Noticed a cacodemon
  5470 | D:6      | Noticed an orange demon
  5470 | D:6      | Noticed a hellwing
  5688 | D:6      | Found a staircase to the Ecumenical Temple.
  6613 | D:8      | Reached skill level 8 in Shields
  6620 | D:8      | Found a white marble altar of Elyvilon.
  6853 | D:8      | Got a spiked scale mail
  6869 | D:8      | Identified the +6 scale mail "Forget-Me-Not" {rF+} (You
                  | found it on level 8 of the Dungeon)
  7397 | D:8      | Found a snail-covered altar of Cheibriados.
  7503 | D:10     | Entered Level 10 of the Dungeon
  7503 | D:10     | Found a staircase to the Lair.
  7545 | D:9      | Killed an unseen horror
  7545 | D:9      | Reached XP level 10. HP: 79/88 MP: 9/9
  7765 | D:9      | Got an amber-encrusted leather armour
  7770 | D:9      | Reached **** piety under Wu Jian
  7802 | D:9      | Identified the +3 leather armour of the Kettle-Drum {Int+3
                  | Slay+2} (You found it on level 9 of the Dungeon)
  8510 | D:10     | Noticed a gargoyle
  8511 | D:10     | Reached skill level 9 in Shields
  8514 | D:10     | Noticed Grum
  8524 | D:10     | HP: 3/90 [something (5)]
  8524 | D:10     | Mangled by an ogre

Skill      XL: |  1  2  3  4  5  6  7  8  9 10 |
---------------+-------------------------------+-----
Fighting       | 4 5 6 8 |  8.9
Armour         | 4 5 6 8 |  8.9
Shields        | 4 5 6 7 8 9 |  9.0
Short Blades   | 1 2 3 4 5 6 7 |  7.4
Slings         | 1 2 3 4 6 |  6.8
Staves         | 1 3 4 6 7 |  7.3
Axes           | |  2.7

Action                   |  1- 3 |  4- 6 |  7- 9 | 10-12 || total
-------------------------+-------+-------+-------+-------++-------
Melee: War axe           |    12 |       |       |       ||    12
       Headbutt          |    16 |    28 |    40 |    21 ||   105
       Short sword       |    77 |   106 |       |       ||   183
       Quarterstaff      |       |    61 |   224 |   118 ||   403
       Hunting sling     |       |     1 |     1 |       ||     2
 Fire: Hunting sling     |       |    54 |    58 |    16 ||   128
Throw: Javelin           |       |     1 |     3 |       ||     4
Invok: Whirlwind         |       |    58 |    74 |    40 ||   172
       Lunge             |       |    13 |    10 |    11 ||    34
       Wall Jump         |       |     3 |    31 |    11 ||    45
Evoke: Wand              |       |       |       |     3 ||     3
  Use: Scroll            |     2 |     4 |     2 |     3 ||    11
       Potion            |       |       |     4 |     1 ||     5
 Stab: Paralysed         |       |       |     2 |       ||     2
       Confused          |       |       |     1 |       ||     1
  Eat: Chunk             |       |     7 |     3 |     2 ||    12
       Ration            |       |       |     4 |       ||     4
Armor: Scale mail        |    25 |    67 |   121 |    21 ||   234
       Leather armour    |       |       |       |    35 ||    35
Dodge: Dodged            |    17 |    51 |    83 |    63 ||   214
Block: Shield            |    31 |    34 |       |       ||    65
